 Dungeon Crawl Stone Soup version 0.28.0-53-g5a82cb258f (webtiles) character file.

Game seed: 6841052375309667041

95 SanguineChosen the Chopper (level 4, -5/41 HPs)
             Began as a Minotaur Berserker on July 29, 2022.
             Was a Believer of Trog.
             Asphyxiated
             ... in a sewer.
             The game lasted 00:06:49 (1867 turns).

SanguineChosen the Chopper (Minotaur Berserker)     Turns: 1867, Time: 00:06:50

Health: -5/41      AC:  5    Str: 23    XL:     4   Next: 40%
Magic:  3/3        EV: 11    Int:  4    God:    Trog [**....]
Gold:   76         SH:  0    Dex: 12    Spells: 3/3 levels left

rFire   . . .      SeeInvis .   a - +1 hand axe
rCold   . . .      Faith    .   (no shield)
rNeg    . . .      Spirit   .   o - +0 ring mail
rPois   .          Reflect  .   (helmet restricted)
rElec   .          Harm     .   (no cloak)
rCorr   .          Rampage  .   (no gloves)
Will    .....                   (no boots)
Stlth   +.........              (no amulet)
HPRegen 0.13/turn               (no ring)
MPRegen 0.08/turn               (no ring)

@: lethally poisoned (-5 -> -14), slowed, unable to read, very slow
A: horns 2, retaliatory headbutt, agile 1, deterioration 1, inability to read
while threatened, MP-powered wands
a: Renounce Religion, Berserk, Trog's Hand


You were in a sewer.
You worshipped Trog.
Trog was pleased with you.
You visited 1 branch of the dungeon, and saw 3 of its levels.
You also visited: Sewer.

You collected 76 gold pieces.

Inventory:

Hand Weapons
 a - a +1 hand axe (weapon)
 m - a +2 mace of protection
Armour
 b - a +0 animal skin
 o - a +0 ring mail (worn)
Scrolls
 c - a scroll of enchant weapon
 e - 2 scrolls of identify {unknown}
 f - 2 scrolls of teleportation
 n - a scroll of fog {unknown}
Potions
 d - a potion of mutation
 g - a potion of curing {unknown}
 h - a potion of brilliance {unknown}
 i - a potion of lignification {unknown}
 j - a potion of degeneration {unknown}
 k - a potion of resistance {unknown}
 l - a potion of might {unknown}
 p - a potion of ambrosia {unknown}
 q - a potion of flight {unknown}
 r - a potion of heal wounds {unknown}


   Skills:
 + Level 4.5 Fighting
 + Level 5.1 Axes
 + Level 2.8 Armour
 + Level 2.8 Dodging


You had 3 spell levels left.
You didn't know any spells.
Your spell library was empty.

Dungeon Overview and Level Annotations

Branches:
Dungeon (3/15)              Sewer (1/1)

Altars:
Gozag


Innate Abilities, Weirdness & Mutations

You have a pair of horns on your head.
You reflexively headbutt those who attack you in melee.
You are agile. (Dex +2)
Your body sometimes deteriorates upon taking damage.
You sometimes lose the ability to read scrolls when taking damage.
You expend magic power (3 MP) to strengthen your wands.


Message History

The ball python closely misses you. You furiously retaliate!
You headbutt the ball python, but do no damage.
The ball python closely misses you. x2; The ball python barely misses you.
You feel sick.
The ball python bites you but does no damage.
The ball python closely misses you.
You barely miss the ball python.
You headbutt the ball python, but do no damage.
You feel sick. The ball python closely misses you.
The ball python completely misses you. The ball python barely misses you.
The ball python closely misses you.
You barely miss the ball python. You headbutt the ball python.
You kill the ball python!
Trog accepts your kill.
You feel sick.
You are no longer poisoned.
The kobold brigand throws a curare-tipped dart.
The curare-tipped dart closely misses you.
You enter the shallow water.
Moving in this stuff is going to be slow.
The kobold brigand throws a curare-tipped dart.
The curare-tipped dart hits you.
You are poisoned.
You have difficulty breathing.
* * * LOW HITPOINT WARNING * * *
You feel as though you will be slow longer.
* * * LOW HITPOINT WARNING * * *
You feel very sick.
It was a potion of mutation.
You feel extremely strange.
You lose the ability to read scrolls when threatened.
You feel agile.
You feel yourself wasting away.
You feel your magical essence link to the dungeon's wands.
* * * LOW HITPOINT WARNING * * *
You feel very sick.
The kobold brigand throws a curare-tipped dart.
The curare-tipped dart hits you.
You are more poisoned.
You have difficulty breathing.
You feel threatened and lose the ability to read scrolls!
You die...

#≈≈≈≈##≈≈≈≈≈..≈≈##
#≈.≈≈≈.≈.≈≈≈.≈≈≈≈
#≈≈.≈≈≈≈.≈..≈.≈≈
#≈..........≈≈.≈
#≈≈≈....∩.∩.≈≈.≈
#≈≈.≈.≈......≈..
##≈≈≈..≈.≈≈≈.≈≈.≈ #####
##≈...≈.≈..≈..≈.≈≈
≈.≈≈####@.≈.##≈≈≈.≈.≈.≈##
#≈≈.≈≈≈..####≈≈.≈≈.≈##
### #≈≈K≈≈≈≈.# #≈..≈..≈#
K≈≈≈≈###.≈†.≈≈.##
...≈≈≈≈.≈ #≈≈≈.≈#######
≈≈≈≈.≈≈ .≈≈≈.##### #####
###


You could see a kobold brigand.

Vanquished Creatures
  3 adders
  A worm (D:3)
  2 dart slugs
  3 orcs
  5 endoplasms
  5 giant cockroaches
  4 goblins
  2 hobgoblins
  4 jackals (D:2)
  2 kobolds
  4 quokkas
  6 ball pythons
  5 bats
  A frilled lizard (D:1)
  6 rats
53 creatures vanquished.

Notes
Turn   | Place    | Note
-------+----------+-------------------------------------------
     0 | D:1      | SanguineChosen the Minotaur Berserker began the quest for
                  | the Orb.
     0 | D:1      | Reached XP level 1. HP: 19/19 MP: 0/0
    86 | D:1      | Reached XP level 2. HP: 20/27 MP: 1/1
   168 | D:1      | Reached skill level 4 in Axes
   597 | D:2      | Found an opulent altar of Gozag.
   702 | D:2      | Reached XP level 3. HP: 22/33 MP: 2/2
  1054 | D:2      | Reached ** piety under Trog
  1560 | D:3      | Reached XP level 4. HP: 41/41 MP: 3/3
  1642 | D:3      | Reached skill level 5 in Axes
  1683 | D:3      | Found a glowing drain.
  1700 | Sewer    | Entered a sewer
  1857 | Sewer    | Noticed a kobold brigand
  1867 | Sewer    | Gained mutation: You sometimes lose the ability to read
                  | scrolls when taking damage. [potion of mutation]
  1867 | Sewer    | Gained mutation: You are agile. (Dex +2) [potion of
                  | mutation]
  1867 | Sewer    | Gained mutation: Your body sometimes deteriorates upon
                  | taking damage. [potion of mutation]
  1867 | Sewer    | Gained mutation: You expend magic power (3 MP) to
                  | strengthen your wands. [potion of mutation]
  1867 | Sewer    | HP: 2/41 [poisoned by a kobold brigand (curare-tipped
                  | dart)]
  1867 | Sewer    | Asphyxiated

Illustrated notes

Levels and vault maps discovered:
D:1:      mrwooster_arrival_arrow, layout_basic
D:2:      layout_loops_ring, basic_altar, chequers_serial_rivers_marsh
D:3:      layout_rooms, shapermc_ecumenical_altar_notcrosses,
          gup_sewer_entry_bubbles
Sewer:    sewer_co_tree

Skill      XL: |  1  2  3  4 |
---------------+-------------+-----
Axes           | 4 5 |  5.1
Fighting       | 4 |  4.5
Armour         | |  2.8
Dodging        | |  2.8

Action                   |  1- 3 |  4- 6 || total
-------------------------+-------+-------++-------
Melee: Hand axe          |    67 |    45 ||   112
       Headbutt          |    10 |     2 ||    12
       Punch             |     1 |       ||     1
  Use: Scroll            |     2 |       ||     2
       Potion            |       |     1 ||     1
Armor: Animal skin       |     9 |       ||     9
       Ring mail         |     2 |    16 ||    18
Dodge: Dodged            |    39 |    35 ||    74
